 Dungeon Crawl Stone Soup version 0.20.1-1-g8b1a95d (webtiles) character file.

42274 cochise the Bludgeoner (level 13, -4/124 HPs)
             Began as a Minotaur Berserker on Sept 18, 2017.
             Was a High Priest of Trog.
             Slain by a sun demon (10 damage)
             ... summoned by an orc sorcerer
             ... on level 2 of the Orcish Mines on Sept 20, 2017.
             The game lasted 02:17:29 (16719 turns).

cochise the Bludgeoner (Minotaur Berserker)        Turns: 16719, Time: 02:17:30

Health: -4/124     AC: 30    Str: 25    XL:     13   Next: 84%
Magic:  12/12      EV:  3    Int:  7    God:    Trog [*****.]
Gold:   1410       SH:  0    Dex: 12    Spells: 12/12 levels left

rFire    + + .     SeeInvis +   Z - +2 flail (protect)
rCold    + . .     Gourm    .   B - +1 large shield of Happiness {rElec rF++ Int+3 Dex-2}
rNeg     . . .     Faith    .   Q - +1 plate armour "Nitzimyc" {MR+ Dex+2 Slay+3}
rPois    .         Spirit   .   (helmet restricted)
rElec    +         Reflect  +   F - +2 cloak
rCorr    .         Harm     .   N - +0 pair of gloves
MR       +....                  w - +0 pair of boots
Stlth    ..........             r - +2 amulet of reflection
Regen    0.3/turn               J - ring of protection from cold
MPRegen  0.2/turn               E - ring of see invisible

@: confused, lethally poisoned (-4 -> -11), protection aura, very slightly
contaminated, hasted, drained, invisible, very quick
A: retaliatory headbutt, horns 2
a: Berserk, Trog's Hand, Brothers in Arms, Burn Spellbooks, Renounce Religion


You were on level 2 of the Orcish Mines.
You worshipped Trog.
Trog was extremely pleased with you.
You were hungry.

You visited 3 branches of the dungeon, and saw 19 of its levels.

You collected 1410 gold pieces.

Inventory:

Hand Weapons
 y - a +2 whip of venom
 P - a +1 whip of electrocution
 T - a +2 mace of crushing
 U - the +7 dire flail "Seck" {drain, +Inv}
   (Trog gifted it to you on level 1 of the Lair of Beasts)

   A truly terrible weapon, it drains the life of those it strikes.
   It lets you turn invisible.
 Z - a +2 flail of protection (weapon)
Missiles
 g - 34 poisoned needles
 s - 4 curare-tipped needles (quivered)
Armour
 w - a +0 pair of boots (worn)
 B - the +1 large shield of Happiness (worn) {rElec rF++ Int+3 Dex-2}
   (You found it on level 4 of the Dungeon)

   It affects your intelligence (+3).
   It affects your dexterity (-2).
   It greatly protects you from fire.
   It insulates you from electricity.
 F - a +2 cloak (worn)
 N - a +0 pair of gloves (worn)
 Q - the +1 plate armour "Nitzimyc" (worn) {MR+ Dex+2 Slay+3}
   (You found it on level 11 of the Dungeon)

   It affects your dexterity (+2).
   It affects your accuracy and damage with ranged weapons and melee attacks
   (+3).
   It affects your resistance to hostile enchantments.
Jewellery
 m - an uncursed amulet of regeneration
 r - a +2 amulet of reflection (around neck)
 E - a ring of see invisible (right hand)
 J - a ring of protection from cold (left hand)
 W - an uncursed ring of ice
Wands
 q - a wand of iceblast (5/15)
 v - a wand of scattershot (7/9)
 H - a wand of lightning (9/15)
 M - a wand of random effects (28/48)
 Y - a wand of polymorph (13/24)
Scrolls
 a - 2 scrolls of torment {unknown}
 h - 5 scrolls of identify
 j - a scroll of enchant weapon {unknown}
 k - 13 scrolls of teleportation
 l - 2 scrolls of recharging
 o - a scroll of fog {unknown}
 p - 3 scrolls of remove curse
 t - 5 scrolls of fear
 u - a scroll of enchant armour {unknown}
 A - 3 scrolls of magic mapping
 G - 4 scrolls of blinking
 K - a scroll of silence {unknown}
 S - a scroll of holy word {unknown}
Potions
 d - a potion of curing
 f - 3 potions of might
 n - 3 potions of lignification
 x - 2 potions of flight
 C - a potion of haste
 D - 5 potions of berserk rage
 I - 3 potions of agility
 V - a potion of mutation
Books
 X - a Young Poisoner's Handbook

   Spells                             Type                      Level
   a - Sting                          Conjuration/Poison           1
   b - Poisonous Vapours              Poison/Air                   2
   c - Mephitic Cloud                 Conjuration/Poison/Air       3
   d - Olgreb's Toxic Radiance        Poison                       4
   e - Venom Bolt                     Conjuration/Poison           5
   Trog disapproves of the use of such an item.
Comestibles
 c - 13 bread rations
 i - 13 meat rations
 z - 12 royal jellies
 L - 7 fruits
 O - 10 chunks of flesh


   Skills:
 + Level 14.2(12.7) Fighting
 * Level 19.2(17.6) Maces & Flails
 + Level 14.3(12.9) Armour
 - Level 2.1(1.1) Dodging


You had 12 spell levels left.
You didn't know any spells.

Dungeon Overview and Level Annotations

Branches:
Dungeon (12/15)            Temple (0/1) D:5            Lair (5/6) D:9
  Swamp (0/4) Lair:2        Snake (0/4) Lair:4        Slime (0/5) Lair:5
    Orc (2/2) D:11            Elf (0/3) Orc:2

Altars:
Ashenzari
Cheibriados
Fedhas
Gozag
Makhleb
Qazlal
Ru
Trog
Uskayaw

Shops:
D:12 !   Orc:2 ??


Innate Abilities, Weirdness & Mutations

You reflexively headbutt those who attack you in melee.
You have a pair of horns on your head.


Message History

The chaos spawn completely resists.
The bolt of negative energy hits you!
You feel drained.
The chaos spawn gurgles horribly!
You are confused.
You feel invigorated.
You feel sick.
You hear a shout! x2
The sun demon hits you!
You are engulfed in flames.
You resist.
* * * LOW HITPOINT WARNING * * *
The chaos spawn gores you!
* * * LOW HITPOINT WARNING * * *
You fade into invisibility!
You are very lightly contaminated with residual magic.
The orc sorcerer casts a spell at you.
The bolt of negative energy hits the chaos spawn.
The chaos spawn completely resists.
The bolt of negative energy hits you!
You feel drained.
* * * LOW HITPOINT WARNING * * *
The chaos spawn gives a hideous shriek!
You bump into the stone wall.
The sun demon hits you!
You die... .................# #o#oo

##... )...............###..oo
##.. ...............###..o# ##.
..............###...# ##
.............###o..# #
.......)....###.4o# #
......)))..###o#.# #.
........(.###.o4## ##..
...........###ยง#@## ##.#.
(())......))###3..## ##...#
...)......)))###...## ##...##
..........##)[###...## ##.).###
.....(....###()###...## ##...###.
..........# ##))###...###...###..
..........#####))##....#....##..#
..........#..###..#)#.....#.#..##
..............###..[))........##


You could see a sun demon, a chaos spawn, an orc sorcerer (invisible) and an orc
priest.

Vanquished Creatures
  The ghost of cochise the Bludgeoner, a journeyman MiBe of Trog (Lair:1)
  A hydra (Lair:5)
  Fannar (Lair:2)
  Erolcha (D:12)
  A catoblepas (D:10)
  4 two-headed ogres
  The ghost of Schiappus the Cleaver, a novice DsBe of Trog (Lair:2)
  An orc high priest (Orc:2)
  6 death yaks (Lair:3)
  3 orc knights (Orc:2)
  2 cyclopes
  A manticore (Lair:5)
  A rust devil (Orc:2)
  A centaur zombie (D:12)
  A torpor snail (Lair:5)
  2 centaur skeletons (D:12)
  8 spiny frogs
  4 komodo dragons
  7 rime drakes
  A red devil (Orc:2)
  A queen bee (Lair:1)
  2 polar bears (Lair:5)
  A hornet (Lair:3)
  Prince Ribbit (D:7)
  3 blink frogs (Lair:4)
  11 hippogriffs
  A spriggan (Lair:5)
  9 wyverns
  13 yaks
  A vampire (D:12)
  2 wraiths
  2 shadows (D:11)
  3 basilisks
  A human (D:7)
  A hungry ghost (D:9)
  4 hogs (D:7)
  A chaos spawn (Orc:2)
  2 nagas (Lair:4)
  4 swamp worms (Lair:2)
  A warg (Orc:2)
  A soldier ant (D:11)
  4 porcupines
  Duvessa (D:7)
  8 water moccasins
  24 orc warriors
  4 hell hounds
  3 ice beasts
  A phantom (D:11)
  3 sky beasts
  A black bear (Lair:5)
  6 ogres (Orc:2)
  3 necrophages
  8 centaurs
  8 crocodiles
  Blork the orc (D:4)
  15 bullfrogs
  2 big kobolds
  A gnoll sergeant (D:10)
  2 wyvern skeletons
  Dowan (D:7)
  5 scorpions
  40 killer bees
  5 wights
  An electric eel (Lair:2)
  A howler monkey (D:10)
  A bullfrog zombie (D:5)
  3 crimson imps
  2 hounds (D:9)
  3 quasits
  9 jellies
  Crazy Yiuf (D:4)
  17 orc priests
  14 orc wizards
  2 bullfrog skeletons
  2 iguanas
  6 worker ants
  A killer bee zombie (D:6)
  A hound zombie (D:6)
  2 worker ant zombies
  7 gnolls
  13 adders
  5 shadow imps
  3 oozes (Lair:5)
  An adder skeleton (D:3)
  4 worms
  3 leopard geckos
  53 orcs
  A bat (D:2)
  7 giant cockroaches
  9 hobgoblins
  11 jackals
  14 kobolds
  2 quokkas
  A ball python (D:3)
  3 frilled lizards
  13 goblins
  A leopard gecko skeleton (D:4)
  5 rats
  2 plants (Lair:5)
483 creatures vanquished.

Vanquished Creatures (collateral kills)
  2 killer bees (Lair:1)
2 creatures vanquished.

Vanquished Creatures (others)
  4 centaurs
  An orc (D:9)
  A kobold (D:10)
  11 fungi
  8 plants (Lair:5)
25 creatures vanquished.

Grand Total: 510 creatures vanquished

Notes
Turn   | Place    | Note
-------+----------+-------------------------------------------
     0 | D:1      | cochise the Minotaur Berserker began the quest for the Orb.
     0 | D:1      | Reached XP level 1. HP: 19/19 MP: 0/0
   263 | D:1      | Reached skill level 4 in Maces & Flails
   322 | D:1      | Reached XP level 2. HP: 26/27 MP: 1/1
   917 | D:2      | Reached XP level 3. HP: 33/33 MP: 2/2
  1028 | D:2      | You fall through a shaft!
  1214 | D:3      | Reached ** piety under Trog
  1460 | D:2      | Reached XP level 4. HP: 40/40 MP: 3/3
  1481 | D:2      | Reached skill level 5 in Maces & Flails
  2655 | D:4      | Noticed Blork the orc
  2662 | D:4      | Killed Blork the orc
  2662 | D:4      | Reached XP level 5. HP: 46/47 MP: 4/4
  2699 | D:4      | Got a faintly humming large shield
  2710 | D:4      | Identified the +1 large shield of Happiness {rElec rF++ Int+3 Dex-2} (You found it on level 4 of the Dungeon)
  2775 | D:4      | Found a shattered altar of Ashenzari.
  2807 | D:4      | Found a runed door.
  2847 | D:4      | Reached skill level 5 in Fighting
  2942 | D:4      | Reached skill level 6 in Maces & Flails
  3242 | D:4      | Noticed Crazy Yiuf
  3250 | D:4      | Killed Crazy Yiuf
  3288 | D:5      | Entered Level 5 of the Dungeon
  3349 | D:5      | Noticed a sky beast
  3404 | D:5      | Killed a sky beast
  3404 | D:5      | Reached XP level 6. HP: 44/56 MP: 5/5
  3458 | D:5      | Reached skill level 7 in Maces & Flails
  3458 | D:5      | Reached skill level 5 in Armour
  3479 | D:5      | Found a snail-covered altar of Cheibriados.
  3482 | D:5      | Found an opulent altar of Gozag.
  3614 | D:5      | Found a staircase to the Ecumenical Temple.
  3626 | D:5      | Reached XP level 7. HP: 59/62 MP: 6/6
  3644 | D:5      | Reached *** piety under Trog
  4109 | D:6      | Reached skill level 8 in Maces & Flails
  4473 | D:6      | Reached XP level 8. HP: 71/71 MP: 7/7
  4662 | D:7      | Reached skill level 9 in Maces & Flails
  4735 | D:7      | Noticed Prince Ribbit
  4752 | D:7      | Killed Prince Ribbit
  4783 | D:7      | Noticed Dowan
  4798 | D:7      | Killed Dowan
  4804 | D:7      | Noticed Duvessa
  4834 | D:7      | Killed Duvessa
  4983 | D:7      | Reached skill level 10 in Maces & Flails
  5193 | D:7      | Reached XP level 9. HP: 67/81 MP: 8/8
  5396 | D:8      | Reached skill level 11 in Maces & Flails
  5596 | D:8      | Noticed a two-headed ogre
  5607 | D:8      | Killed a two-headed ogre
  5701 | D:8      | Found a blossoming altar of Fedhas.
  5782 | D:8      | Reached skill level 12 in Maces & Flails
  5854 | D:8      | Reached **** piety under Trog
  5997 | D:8      | Noticed a two-headed ogre
  6009 | D:8      | Killed a two-headed ogre
  6009 | D:8      | Reached XP level 10. HP: 81/91 MP: 9/9
  6380 | D:9      | Found a sacrificial altar of Ru.
  6473 | D:9      | Found a staircase to the Lair.
  6700 | D:9      | Reached skill level 13 in Maces & Flails
  6919 | D:9      | Reached skill level 10 in Fighting
  7135 | D:9      | Found a stormy altar of Qazlal.
  7137 | D:9      | Found a bloodstained altar of Trog.
  7138 | D:9      | Found a burning altar of Makhleb.
  7186 | D:9      | Reached skill level 10 in Armour
  7738 | D:9      | Found a hide-covered altar of Uskayaw.
  7792 | D:10     | Entered Level 10 of the Dungeon
  7988 | D:10     | Reached ***** piety under Trog
  8013 | D:10     | Reached skill level 14 in Maces & Flails
  8143 | D:10     | Noticed a catoblepas
  8157 | D:10     | Killed a catoblepas
  8157 | D:10     | Reached XP level 11. HP: 79/101 MP: 10/10
  8742 | D:11     | Noticed a two-headed ogre
  8743 | D:11     | Noticed a two-headed ogre
  8756 | D:11     | Killed a two-headed ogre
  8771 | D:11     | Killed a two-headed ogre
  8797 | D:11     | Got a transparent plate armour
  8904 | D:11     | Found a staircase to the Orcish Mines.
  9123 | D:11     | Reached skill level 15 in Maces & Flails
  9415 | D:12     | Identified the +1 plate armour "Nitzimyc" {MR+ Dex+2 Slay+3} (You found it on level 11 of the Dungeon)
  9654 | D:12     | Noticed Erolcha
  9677 | D:12     | Killed Erolcha
  9757 | D:12     | Found Otubulep's Distillery.
  9902 | Lair:1   | Entered Level 1 of the Lair of Beasts
 10167 | Lair:1   | Received a gift from Trog
 10168 | Lair:1   | Got a steaming dire flail {god gift}
 10174 | Lair:1   | Identified the +7 dire flail "Seck" {drain, +Inv} (Trog gifted it to you on level 1 of the Lair of Beasts)
 10388 | Lair:1   | Reached skill level 16 in Maces & Flails
 10403 | Lair:1   | Reached XP level 12. HP: 54/112 MP: 11/11
 10411 | Lair:1   | Noticed cochise's ghost (journeyman MiBe)
 10444 | Lair:1   | Killed cochise's ghost
 11371 | Lair:2   | Noticed Fannar
 11378 | Lair:2   | Noticed Schiappus's ghost (novice DsBe)
 11387 | Lair:2   | Killed Fannar
 11422 | Lair:2   | Killed Schiappus's ghost
 12113 | Lair:2   | Found a staircase to the Swamp.
 12502 | Lair:3   | Reached skill level 17 in Maces & Flails
 12550 | Lair:3   | Noticed a death yak
 12551 | Lair:3   | Noticed a death yak
 12569 | Lair:3   | Killed a death yak
 12583 | Lair:3   | Noticed a death yak
 12584 | Lair:3   | Noticed a death yak
 12584 | Lair:3   | Noticed a death yak
 12584 | Lair:3   | Noticed a death yak
 12606 | Lair:3   | Killed a death yak
 12630 | Lair:3   | Killed a death yak
 12644 | Lair:3   | Killed a death yak
 12654 | Lair:3   | Killed a death yak
 12665 | Lair:3   | Killed a death yak
 13238 | Lair:4   | Reached XP level 13. HP: 122/122 MP: 12/12
 13307 | Lair:4   | Found a staircase to the Snake Pit.
 14098 | Lair:5   | Reached skill level 18 in Maces & Flails
 14241 | Lair:5   | Got a spiked ring mail
 14252 | Lair:5   | Identified the cursed +0 ring mail of Qijeih {*Drain rF+ rCorr} (You found it on level 5 of the Lair of Beasts)
 15020 | Lair:5   | Found a staircase to the Slime Pits.
 15511 | Orc:1    | Entered Level 1 of the Orcish Mines
 15752 | Orc:2    | Entered Level 2 of the Orcish Mines
 16174 | Orc:2    | Found a staircase to the Elven Halls.
 16265 | Orc:2    | Received a gift from Trog
 16282 | Orc:2    | Reached skill level 19 in Maces & Flails
 16299 | Orc:2    | Found Dimojy's Magic Scroll Boutique.
 16330 | Orc:2    | Found Amif's Magic Scroll Shop.
 16499 | Orc:2    | Received a gift from Trog
 16718 | Orc:2    | HP: 2/124 [orc sorcerer/bolt of negative energy (23)]
 16719 | Orc:2    | Slain by a sun demon

Skill      XL: |  1  2  3  4  5  6  7  8  9 10 11 12 13 |
---------------+----------------------------------------+-----
Maces & Flails | 4 5 6 7 8 10 12 14 16 17 19 | 19.2
Fighting       | 4 5 6 8 9 10 11 13 14 | 14.2
Armour         | 3 4 5 6 7 9 10 11 13 14 | 14.3
Dodging        | |  2.1

Action                   |  1- 3 |  4- 6 |  7- 9 | 10-12 | 13-15 || total
-------------------------+-------+-------+-------+-------+-------++-------
Melee: Mace              |     8 |       |       |       |       ||     8
       Whip              |    81 |   200 |   375 |    88 |       ||   744
       Headbutt          |    14 |    31 |    78 |   195 |   138 ||   456
       Flail             |       |       |       |   859 |   546 ||  1405
Invok: Trog's Hand       |       |     2 |     3 |    10 |     9 ||    24
       Berserk           |       |       |     1 |       |       ||     1
       Burn Spellbooks   |       |       |     1 |     2 |       ||     3
       Brothers in Arms  |       |       |       |     2 |     1 ||     3
  Use: Scroll            |     1 |       |    11 |     4 |     5 ||    21
       Potion            |       |       |     1 |    11 |     2 ||    14
  Eat: Chunk             |     1 |     8 |    10 |    22 |    13 ||    54
       Bread ration      |       |       |       |     1 |       ||     1
       Royal jelly       |       |       |       |     2 |     1 ||     3
Armor: Animal skin       |     3 |       |       |       |       ||     3
       Ring mail         |     5 |       |       |       |       ||     5
       Chain mail        |    12 |     1 |       |       |       ||    13
       Plate armour      |       |    82 |   137 |   555 |   241 ||  1015
Dodge: Dodged            |    56 |    21 |    22 |    99 |    56 ||   254
Block: Buckler           |     2 |     1 |       |       |       ||     3
       Large shield      |       |    69 |   212 |   806 |   362 ||  1449
       Reflection        |       |     1 |    13 |    23 |     9 ||    46
